 Dungeon Crawl Stone Soup version 0.26-a0-1132-ge9770dfcb6 (webtiles) character file.

Game seed: 8401736958662993440

69 tilp the Changer (level 4, 0/28 HPs)
             Began as an Octopode Transmuter on Dec 20, 2020.
             Succumbed to an adder's poison
             ... on level 2 of the Dungeon.
             The game lasted 00:02:26 (1827 turns).

tilp the Changer (Octopode Transmuter)              Turns: 1827, Time: 00:02:26

Health: 0/28       AC:  1    Str:  9    XL:     4   Next: 20%
Magic:  7/7        EV: 13    Int: 16    God:
Gold:   147        SH:  0    Dex: 12    Spells: 4/7 levels left

rFire    . . .     SeeInvis .     - Unarmed
rCold    . . .     Faith    .   (no shield)
rNeg     . . .     Spirit   .   (helmet restricted)
rPois    .         Reflect  .   (no amulet)
rElec    .         Harm     .   (no ring)
rCorr    .         Rampage  .   (no ring)
Will     .....                  (no ring)
Stlth    +++.......             (no ring)
HPRegen  0.09/turn              (no ring)
MPRegen  0.10/turn              (no ring)
                                (no ring)
                                (no ring)

@: lethally poisoned (0 -> -8), wereblooded
A: almost no armour, stealthy swim, amphibious, 8 rings, constrict 8, camouflage
1, gelatinous body 1
a: no special abilities


You were on level 2 of the Dungeon.
You visited 1 branch of the dungeon, and saw 2 of its levels.

You collected 147 gold pieces.

Inventory:

Missiles
 a - 67 stones (quivered)
Scrolls
 b - a scroll of blinking {unknown}
 c - a scroll of identify


   Skills:
 + Level 1.3 Fighting
 - Level 2.0 Dodging
 + Level 1.1 Stealth
 + Level 3.1 Unarmed Combat
 - Level 2.0 Spellcasting
 - Level 4.0 Transmutations


You had 4 spell levels left.
You knew the following spells:

 Your Spells              Type           Power        Failure   Level
a - Beastly Appendage     Tmut           28%          4%          1
b - Wereblood             Tmut           14%          6%          2

Your spell library contained the following spells:

 Spells                   Type           Power        Failure   Level
 Spider Form              Tmut/Pois      4%           26%         3
 Ice Form                 Ice/Tmut       8%           65%         4
 Blade Hands              Tmut           7%           73%         5


Dungeon Overview and Level Annotations

Branches:
Dungeon (2/15)

Altars:


Innate Abilities, Weirdness & Mutations

You cannot wear most types of armour.
You are very stealthy in the water. (Stealth+)
You are amphibious.
You can wear up to eight rings at the same time.
You can use your tentacles to constrict eight enemies at once.
Your skin changes colour to match your surroundings (Stealth+).
Your rubbery body absorbs attacks. (AC +1, EV +1)


Message History

You miss the adder. You grab the adder. You constrict the adder.
* * * LOW HITPOINT WARNING * * *
You feel sick. The adder bites you.
* * * LOW HITPOINT WARNING * * *
The hobgoblin throws a stone.
The stone hits you but does no damage.
Unknown command.
Magic courses through your body.
You constrict the adder.
* * * LOW HITPOINT WARNING * * *
You feel sick. The adder misses you.
The hobgoblin throws a stone.
The stone hits you but does no damage. The adder bites you but does no damage.
Unknown command.
You tentacle-slap the adder. You squeeze the adder.
You kill the adder!
You howl as the wereblood boils in your veins!
Your Stealth skill increases to level 1!
You closely miss the hobgoblin. You grab the hobgoblin.
Your squeeze misses the hobgoblin.
You howl as the wereblood boils in your veins!
You constrict the hobgoblin, but do no damage.
You die...

...................
##
##########.....###...
. ##†##......##..
#....#####.....
###.##.####..#...
.......^.......?..
###..###..#...## #..#
###..)#... #.#
#...@## . #. #=..##g#
.g<## #..# ## ....$
#......# ..#.#.## #.#
...# #. #. # .. #.


You could see 2 hobgoblins.

Vanquished Creatures
  3 adders
  A worm (D:2)
  A leopard gecko (D:1)
  3 giant cockroaches (D:2)
  3 goblins (D:1)
  5 hobgoblins
  4 jackals (D:1)
  A quokka (D:2)
  3 bats
  3 frilled lizards
  5 kobolds
  5 rats
37 creatures vanquished.

Notes
Turn   | Place    | Note
-------+----------+-------------------------------------------
     0 | D:1      | tilp the Octopode Transmuter began the quest for the Orb.
     0 | D:1      | Reached XP level 1. HP: 13/13 MP: 3/3
   121 | D:1      | Reached XP level 2. HP: 16/18 MP: 3/5
   124 | D:1      | Learned a level 2 spell: Wereblood
   526 | D:1      | Reached skill level 3 in Transmutations
  1194 | D:2      | Reached XP level 3. HP: 23/23 MP: 4/6
  1241 | D:2      | HP: 1/23 [adder (4)]
  1258 | D:1      | HP: 1/23 [poisoned by an adder]
  1819 | D:2      | Reached skill level 4 in Transmutations
  1820 | D:2      | Reached XP level 4. HP: 17/28 MP: 2/7
  1825 | D:2      | HP: 1/28 [poisoned by an adder]
  1827 | D:2      | Reached skill level 1 in Stealth
  1827 | D:2      | Succumbed to an adder's poison

Illustrated notes

Levels and vault maps discovered:
D:1:      tarquinn_simple_flora_water_f, layout_basic
D:2:      layout_rooms, kennysheep_generic_room_14

Skill      XL: |  1  2  3  4 |
---------------+-------------+-----
Transmutations | 3 4 |  4.0
Stealth        | 1 |  1.1
Fighting       | |  1.3
Dodging        | |  2.0
Unarmed Combat | |  3.1
Spellcasting   | |  2.0

Action                   |  1- 3 |  4- 6 || total
-------------------------+-------+-------++-------
Melee: Unarmed           |    76 |     7 ||    83
       Kick              |    17 |       ||    17
       Constrict         |    24 |     2 ||    26
       Tentacles         |    10 |     1 ||    11
       Punch             |     2 |       ||     2
Throw: Stone             |    11 |       ||    11
 Cast: Beastly Appendage |    17 |       ||    17
       Wereblood         |     3 |       ||     3
  Use: Scroll            |     4 |       ||     4
       Potion            |     2 |     1 ||     3
 Stab: Sleeping          |     4 |       ||     4
Armor: Skin              |     5 |     2 ||     7
Dodge: Dodged            |    54 |     3 ||    57

Table legend: (Time is in decaauts)
 A = Elapsed time spent in this place.
 B = Non-inter-level travel time spent in this place.
 C = Inter-level travel time spent in this place.
 D = Time resting spent in this place.
 E = Time spent auto-exploring this place.
 F = Levels seen in this place.
 G = Mean time per level.
                   A        B        C        D        E       F      G
               +--------+--------+--------+--------+--------+-----+--------+
         Total |   1823 |   1783 |     40 |     98 |   1446 |   2 |  911.5 |
       Dungeon |   1823 |   1783 |     40 |     98 |   1446 |   2 |  911.5 |
               +--------+--------+--------+--------+--------+-----+--------+

Top non-repeatable levels by time:
     D:1: 1538 daAuts
     D:2: 285 daAuts
